 Dungeon Crawl Stone Soup version 0.30-a0-634-g8abc85282e (webtiles) character file.

Game seed: 2119950157583363716

96 Sweetruy1997 the Chopper (level 4, 0/40 HPs)
             Began as a Hill Orc Monk on Jan 14, 2023.
             Slain by an iron imp (2 damage)
             ... on level 3 of the Dungeon.
             The game lasted 00:09:33 (3298 turns).

Sweetruy1997 the Chopper (Hill Orc Monk)            Turns: 3298, Time: 00:09:33

Health: 0/40       AC:  6    Str: 11 (13) XL:     4   Next: 67%
Magic:  0/5        EV: 12    Int: 11 (12) God:
Gold:   155        SH:  0    Dex: 10 (13) Spells: 2/4 levels left

rFire   . . .      SeeInvis .    s - staff of air
rCold   . . .      Faith    .    (no shield)
rNeg    + . .      Spirit   .    l - +0 leather armour
rPois   .          Reflect  .    (no helmet)
rElec   +          Harm     .    n - +0 cloak
rCorr   .          Rampage  .    r - +0 pair of gloves
Will    .....                    e - +0 pair of boots
Stlth   +                        (no amulet)
HPRegen 0.26/turn                b - ring of positive energy
MPRegen 0.09/turn                (no ring)

@: brilliant, very slightly contaminated
A: no striking features
a: no special abilities


You were on level 3 of the Dungeon.
You visited 1 branch of the dungeon, and saw 3 of its levels.

You collected 155 gold pieces.

Inventory:

Armour
 e - a +0 pair of boots (worn)
 l - a +0 leather armour (worn)
 n - a +0 cloak (worn)
 r - a +0 pair of gloves (worn)
Magical Staves
 s - a staff of air (weapon)
Jewellery
 b - a ring of positive energy (left hand)
Wands
 a - a wand of paralysis (10)
Scrolls
 d - a scroll of enchant weapon {unknown}
 f - 2 scrolls of teleportation {unknown}
 m - a scroll of noise {unknown}
 o - 6 scrolls of identify {unknown}
 q - a scroll of blinking {unknown}
 t - 2 scrolls of magic mapping {unknown}
Potions
 k - a potion of attraction
 p - a potion of flight


   Skills:
 - Level 4.0 Fighting
 - Level 5.1 Axes
 + Level 0.4 Armour
 + Level 2.9 Dodging
 + Level 1.9 Stealth
 + Level 0.8 Spellcasting
 + Level 0.2 Conjurations
 + Level 0.8 Hexes
 + Level 0.3 Air Magic


You had 2 spell levels left.
You knew the following spells:

 Your Spells              Type           Power      Damage    Failure   Level
a - Shock                 Conj/Air       8%         1d3       36%         1
b - Slow                  Hex            12%        N/A       30%         1

Your spell library contained the following spells:

 Spells                   Type           Power      Damage    Failure   Level
 Confusing Touch          Hex            3%         N/A       67%         3
 Swiftness                Air            2%         N/A       75%         3
 Kindle Blastsparks       Fire/Tloc/Air  2%         2d10      77%         3
 Vampiric Draining        Necr           0%         2d6       78%         3
 Airstrike                Air            1%         2d(1-17)  98%         4
 Fulminant Prism          Conj/Hex       1%         3d5       98%         4
 Iskenderun's Mystic Bla  Conj/Tloc      1%         2d3       99%         4
 Lee's Rapid Deconstruct  Erth           0%         3d4*      100%        5


Dungeon Overview and Level Annotations

Branches:
Dungeon (3/15)

Altars:
Cheibriados

Shops:
D:1 :*:[


Message History

You closely miss the iron imp.
The iron imp is severely wounded.
You barely miss the iron imp.
The iron imp is severely wounded.
The iron imp closely misses you.
You barely miss the iron imp.
The iron imp is severely wounded.
You flicker back into view.
The iron imp misses you.
You barely miss the iron imp.
The iron imp is severely wounded.
The iron imp barely misses you.
You hit the iron imp but do no damage.
The iron imp is severely wounded.
The iron imp closely misses you.
You hit the iron imp but do no damage.
The iron imp is severely wounded.
The iron imp barely misses you.
You hit the iron imp but do no damage.
The iron imp is severely wounded.
The iron imp hits you.
* * * LOW HITPOINT WARNING * * *
Casting: Shock (safe; 36% risk of failure)
Confirm with . or Enter, or press ? or * to list all spells.
Aiming: Shock (safe; 36% risk of failure)
Press: ? - help, Shift-Dir - straight line, f/p - iron imp
Aim: an iron imp (severely wounded, 74% to hit)
You feel a strong surge of power!
You miscast Shock.
Nothing appears to happen.
The iron imp hits you but does no damage.
You hit the iron imp.
The iron imp is almost dead.
The iron imp closely misses you.
You hit the iron imp but do no damage.
The iron imp is almost dead.
The iron imp hits you.
* * * LOW HITPOINT WARNING * * *
You hit the iron imp but do no damage.
The iron imp is almost dead.
The iron imp hits you.
You die...

#..# ##.# #..# # #.##
.# #.# #+##.. #.# #...
#.#########.# #
#...........########..#
#.#######.>....5@.....#
#.# #############.# ..#
###


You could see an iron imp.

Vanquished Creatures
  2 adders (D:3)
  3 worms
  A dart slug (D:1)
  An orc (D:3)
  2 endoplasms
  3 giant cockroaches
  8 goblins
  4 hobgoblins
  6 quokkas
  6 ball pythons
  7 bats
  6 frilled lizards
  8 kobolds
  8 rats
65 creatures vanquished.

Notes
Turn   | Place    | Note
-------+----------+-------------------------------------------
     0 | D:1      | Sweetruy1997 the Hill Orc Monk began the quest for the Orb.
     0 | D:1      | Reached XP level 1. HP: 19/19 MP: 1/1
   139 | D:1      | Reached XP level 2. HP: 24/27 MP: 2/2
   160 | D:1      | Found Laaf Reg's Book Boutique.
   161 | D:1      | Found Mosocacs's Assorted Antiques.
   344 | D:1      | Found Hachint's Book Emporium.
   429 | D:1      | Found Nairgha's Assorted Antiques.
   616 | D:1      | Found Ileteumai's Antique Armour Shop.
   625 | D:1      | Reached XP level 3. HP: 33/33 MP: 3/3
   899 | D:1      | Learned a level 1 spell: Shock
  1332 | D:2      | Found a faded altar of an unknown god.
  1386 | D:2      | Reached skill level 5 in Axes
  1446 | D:2      | Learned a level 1 spell: Slow
  2100 | D:2      | Reached XP level 4. HP: 38/40 MP: 2/4
  3203 | D:3      | Found a snail-covered altar of Cheibriados.
  3270 | D:3      | HP: 1/40 [iron imp (9)]
  3297 | D:3      | HP: 1/40 [iron imp (4)]
  3298 | D:3      | Slain by an iron imp

Illustrated notes

Levels and vault maps discovered:
D:1:      erik_arrival_blinker_ship, layout_basic, serial_shops,
          nicolae_diamond_shop, nicolae_shop_advertising_works
          [nicolae_subvault_shop_adworks], shop, nicolae_shop_hallway_stairs,
          shop, minmay_tetromino_i4
D:2:      layout_basic, hellmonk_ecumenical_altar_lost_god
D:3:      kennysheep_six_static_rooms, layout_basic, slow_altar_2,
          dreamdust_princess_bridge, st_stairs_2, minmay_misc_feat_square

Skill      XL: |  1  2  3 |
---------------+----------+-----
Fighting       | 4 |  4.0
Axes           | 5 |  5.1
Armour         | |  0.4
Dodging        | |  2.9
Stealth        | |  1.9
Spellcasting   | |  0.8
Conjurations   | |  0.2
Hexes          | |  0.8
Air Magic      | |  0.3

Action                   |  1- 3 |  4- 6 || total
-------------------------+-------+-------++-------
Melee: Hand axe          |   167 |    48 ||   215
       Punch             |     2 |     1 ||     3
       Staff             |       |    78 ||    78
 Cast: Shock             |    23 |    31 ||    54
       Slow              |     2 |     5 ||     7
  Use: Potion            |     1 |     8 ||     9
 Stab: Sleeping          |     5 |       ||     5
       Invisible         |       |     2 ||     2
Armor: Robe              |    34 |       ||    34
       Leather armour    |    12 |    42 ||    54
Dodge: Dodged            |   103 |    76 ||   179

Table legend: (Time is in decaauts)
 A = Elapsed time spent in this place.
 B = Non-inter-level travel time spent in this place.
 C = Inter-level travel time spent in this place.
 D = Time resting spent in this place.
 E = Time spent auto-exploring this place.
 F = Levels seen in this place.
 G = Mean time per level.
                   A        B        C        D        E       F      G
               +--------+--------+--------+--------+--------+-----+--------+
         Total |   3313 |   3273 |     40 |      0 |   2532 |   3 | 1104.3 |
       Dungeon |   3313 |   3273 |     40 |      0 |   2532 |   3 | 1104.3 |
               +--------+--------+--------+--------+--------+-----+--------+

Top non-repeatable levels by time:
     D:2: 1191 daAuts
     D:1: 1139 daAuts
     D:3: 981 daAuts
